 Dungeon Crawl Stone Soup version 0.23-a0-635-g88ca12a7de (console) character file.

15 Harunobu the Skirmisher (level 2, -3/33 HPs)
             Began as an Ogre Berserker on Dec 27, 2018.
             Was a Follower of Trog.
             Slain by a gnoll
             ... wielding a +0 spear
              (8 damage)
             ... on level 1 of the Dungeon.
             The game lasted 00:00:57 (822 turns).

Harunobu the Skirmisher (Ogre Berserker)             Turns: 822, Time: 00:00:58

Health: -3/33      AC:  3    Str: 20    XL:     2   Next: 50%
Magic:  2/2        EV: 10    Int:  8    God:    Trog [*.....]
Gold:   88         SH:  0    Dex:  8    Spells: 1/1 levels left

rFire    . . .     SeeInvis .   a - +0 mace
rCold    . . .     Gourm    .   (no shield)
rNeg     . . .     Faith    .   b - +0 animal skin
rPois    .         Spirit   .   (helmet restricted)
rElec    .         Reflect  .   (no cloak)
rCorr    .         Harm     .   (gloves unavailable)
MR       .....                  (boots unavailable)
Stlth    +.........             (no amulet)
HPRegen  0.11/turn              (no ring)
MPRegen  0.08/turn              (no ring)

@: no status effects
A: large, unfitting armour, tough skin 1
a: Berserk, Renounce Religion


You were on level 1 of the Dungeon.
You worshipped Trog.
Trog was aware of your devotion.
You were very hungry.

You visited 1 branch of the dungeon, and saw 1 of its levels.

You collected 88 gold pieces.

Inventory:

Hand Weapons
 a - a +0 mace (weapon)
Armour
 b - a +0 animal skin (worn)
Scrolls
 e - a scroll of random uselessness {unknown}
 f - a scroll of remove curse {unknown}
 h - a scroll of teleportation {unknown}
 i - a scroll of identify {unknown}
Potions
 d - a potion of might {unknown}
Comestibles
 c - a ration


   Skills:
 + Level 4.4 Fighting
 + Level 3.0 Maces & Flails
 + Level 2.9 Dodging


You had one spell level left.
You didn't know any spells.
Your spell library was empty.

Dungeon Overview and Level Annotations

Branches:
Dungeon (1/15)

Altars:


Innate Abilities, Weirdness & Mutations

You are too large for most types of armour.
You have tough skin. (AC +1)


Message History

A kobold comes into view. It is wielding a +0 short sword.
You see here 3 stones.
The kobold shouts!
The gnoll closely misses you.
You're still recovering from your berserk rage.
You closely miss the gnoll. The gnoll completely misses you.
The gnoll hits you with a +0 spear.
* * * LOW HITPOINT WARNING * * *
You completely miss the gnoll. The gnoll hits you but does no damage.
You hit the gnoll but do no damage. The goblin hits you.
* * * LOW HITPOINT WARNING * * *
The gnoll closely misses you.
You hit the gnoll.
The gnoll is moderately wounded.
You recover from your berserk rage.
The goblin hits you.
* * * LOW HITPOINT WARNING * * *
The gnoll barely misses you. The goblin closely misses you.
The gnoll hits you with a +0 spear!
You die...

# #.....#.#
#.........
#########.#.#
#..##'####
#.....# #.#.#
# #......
#)###.#.#
+......
#.###.....#.#
#......
#.......(...#
#...<..
#...........#
#.....(
#..........(#
#......
#.#########@#
#...... ...
......gg#
#...... .#
######.K#
######+ ...#
....# .....#
......#
.......#


You could see a gnoll, a goblin and a kobold.

Vanquished Creatures
  2 goblins (D:1)
  A hobgoblin (D:1)
  3 jackals (D:1)
  A bat (D:1)
  4 frilled lizards (D:1)
  3 kobolds (D:1)
  A rat (D:1)
15 creatures vanquished.

Notes
Turn   | Place    | Note
-------+----------+-------------------------------------------
     0 | D:1      | Harunobu the Ogre Berserker began the quest for the Orb.
     0 | D:1      | Reached XP level 1. HP: 24/24 MP: 1/1
   200 | D:1      | Reached XP level 2. HP: 33/33 MP: 2/2
   822 | D:1      | Slain by a gnoll

Vault maps used:
D:1:      lemuel_arrival_room

Skill      XL: |  1  2 |
---------------+-------+-----
Maces & Flails | 3 |  3.0
Fighting       | |  4.4
Dodging        | |  2.9

Action                   || total
-------------------------++-------
Melee: Mace              ||    41
Invok: Berserk           ||     2
Armor: Animal skin       ||    10
Dodge: Dodged            ||    25

Table legend:
 A = Non-vault XP
 B = Vault XP
 C = Vault XP percentage of total XP
 D = Non-vault monster count
 E = Vault monster count
 F = Vault count percentage of total count
                 A         B        C        D         E       F
            +---------+---------+-------+---------+---------+-------
      Total |      22 |       0 |   0.0 |      15 |       0 |   0.0
            +---------+---------+-------+---------+---------+-------
        D:1 |      22 |       0 |   0.0 |      15 |       0 |   0.0
            +---------+---------+-------+---------+---------+-------
